 Dungeon Crawl Stone Soup version 0.31.0-4-g52a2dc7128 (webtiles) character file.

Game seed: 14060508159742103766

20627 shadowrider38 the Cleaver (level 12, -1/108 HPs)
             Began as a Minotaur Fighter on Jan 21, 2024.
             Was a High Priest of Cheibriados.
             Slain by a hellwing (8 damage)
             ... summoned by an orc high priest
             ... on level 2 of the Orcish Mines.
             The game lasted 00:07:42 (12113 turns).

shadowrider38 the Cleaver (Minotaur Fighter)       Turns: 12113, Time: 00:07:43

Health: -1/108     AC: 19    Str: 41    XL:     12   Next: 47%
Magic:  8/16       EV: 17    Int: 21    God:    Cheibriados [*****.]
Gold:   725        SH:  9    Dex: 29    Spells: 11/11 levels left

rFire   . . .        a - +0 war axe
rCold   . . .        K - +0 buckler
rNeg    . . .        f - +4 chain mail {ponderous}
rPois   .            (helmet restricted)
rElec   .            s - +0 cloak
rCorr   .            (no gloves)
SInv    .            (no boots)
Will    .....        (no amulet) Stlth
                     G - +6 ring of dexterity
HPRegen 0.00/turn    z - +6 ring of strength
MPRegen 0.15/turn

%: no passive effects
@: inhibited regen, very slow
A: horns 2, retaliatory headbutt, talons 1, iridescent scales 1, clever 1,
inhibited regeneration, inability to drink after injury 1
a: Renounce Religion, Bend Time, Temporal Distortion, Slouch, Step From Time


You were on level 2 of the Orcish Mines.
You worshipped Cheibriados.
Cheibriados was extremely pleased with you.
You visited 3 branches of the dungeon, and saw 14 of its levels.
You also visited: Sewer.

You collected 1115 gold pieces.
You spent 390 gold pieces at shops.

Inventory:

Hand Weapons
 a - a +0 war axe (weapon)
Missiles
 t - 12 boomerangs
 v - 6 javelins
 F - 3 curare-tipped darts
 Z - 4 throwing nets
Armour
 f - a +4 chain mail of ponderousness (worn)
 l - the +2 pair of boots of the Saviour {rPois rN+}
   (You found it on level 11 of the Dungeon)

   rPois:     It protects you from poison rN+: It protects you from negative
   energy.
 s - a +0 cloak (worn)
 K - a +0 buckler (worn)
Jewellery
 c - a ring of protection from cold
 m - a ring of willpower
 z - a +6 ring of strength (right hand)
 G - a +6 ring of dexterity (left hand)
Wands
 e - a wand of quicksilver (16)
 k - a wand of roots (22)
 D - a wand of digging (8)
 E - a wand of charming (12)
 I - a wand of polymorph (5)
 V - a wand of flame (19)
Scrolls
 h - a scroll of immolation
 i - a scroll of fog
 o - 2 scrolls of revelation
 r - a scroll of silence {unknown}
 u - a scroll of vulnerability {unknown}
 y - a scroll of torment {unknown}
 C - 2 scrolls of poison
 J - a scroll of noise {unknown}
 M - a scroll of enchant weapon
 N - a scroll of fear
 R - 2 scrolls of identify
 T - 13 scrolls of teleportation
Potions
 b - 2 potions of resistance {unknown}
 d - 2 potions of might
 g - 2 potions of cancellation
 n - a potion of brilliance
 p - 3 potions of enlightenment
 q - 5 potions of mutation
 w - 2 potions of attraction {unknown}
 x - a potion of degeneration {unknown}
 A - 2 potions of berserk rage {unknown}
 H - a potion of haste
 L - a potion of invisibility
 Q - 6 potions of curing


   Skills:
 + Level 10.8 Fighting
 * Level 14.0 Axes
 + Level 10.8 Armour
 + Level 7.4 Dodging
 + Level 10.6 Shields
 + Level 6.9 Invocations


You had 11 spell levels left.
You didn't know any spells.
Your spell library contained the following spells:

 Spells                   Type           Power      Damage    Failure   Level
 Apportation              Tloc           0%         N/A       43%         1
 Magic Dart               Conj           0%         1d3       43%         1
 Necrotise                Necr           0%         1d4       43%         1
 Sting                    Conj/Alch      0%         1d3       43%         1
 Summon Small Mammal      Summ           0%         N/A       43%         1
 Searing Ray              Conj           0%         2d4       56%         2
 Frozen Ramparts          Ice            0%         1d1       80%         3
 Fugue of the Fallen      Necr           0%         N/A       80%         3
 Ozocubu's Armour         Ice            0%         N/A       80%         3
 Tukima's Dance           Hex            0%         N/A       80%         3
 Fulminant Prism          Conj/Alch      0%         3d5       99%         4
 Ignite Poison            Fire/Alch      0%         N/A       99%         4
 Leda's Liquefaction      Alch/Erth      0%         N/A       99%         4
 Manifold Assault         Tloc           0%         N/A       99%         4
 Passage of Golubria      Tloc           0%         N/A       99%         4
 Petrify                  Alch/Erth      0%         N/A       99%         4
 Sticky Flame             Fire/Alch      0%         2d4       99%         4
 Alistair's Intoxication  Alch           0%         N/A       100%        5
 Borgnjor's Vile Clutch   Necr/Erth      0%         N/A       100%        5
 Metabolic Englaciation   Hex/Ice        0%         N/A       100%        5
 Yara's Violent Unravell  Hex/Alch       0%         3d3       100%        5
 Eringya's Noxious Bog    Alch           0%         4d6       100%        6
 Ignition                 Fire           0%         3d3       100%        8


Dungeon Overview and Level Annotations

Branches:
Dungeon (11/15) Zot: 38849  Temple (1/1) D:5 Zot: 8967    Lair (0/5) D:10
    Orc (2/2) D:9 Zot: 16376     Elf (0/3) Orc:2         Sewer (visited)

Altars:
Ashenzari
Cheibriados
Dithmenos
Elyvilon
Fedhas
Gozag
Hepliaklqana
Kikubaaqudgha
Makhleb
Nemelex Xobeh
Okawaru
Qazlal
Ru
Sif Muna
Trog
Uskayaw
Vehumet
Wu Jian
Xom
Yredelemnul
Zin
The Shining One

Shops:
Orc:1 !   Orc:2 *?

Annotations:
D:1 2 transporters


Innate Abilities, Weirdness & Mutations

You have a pair of horns on your head.
You reflexively headbutt those who attack you in melee.
You have sharp toenails.
You are partially covered in iridescent scales. (AC +2)
Your mind is acute. (Int +4, Str/Dex -1)
You do not regenerate when monsters are visible.
You occasionally lose the ability to drink potions when taking damage.


Message History

The red devil disappears in a puff of smoke!
You kill the orc sorcerer!
Cheibriados appreciates the change of pace.
The hellwing disappears in a puff of smoke!
You kill the orc warrior!
Cheibriados appreciates the change of pace.
Cheibriados raises the support of your attributes as your movement slows.
You kill the orc warrior!
Cheibriados appreciates the change of pace.
You kill the orc priest!
Cheibriados appreciates the change of pace.
Cheibriados lowers the support of your attributes as your movement quickens.
The orc warlord roars a battlecry!
The orc high priest calls down the wrath of Beogh upon you.
Beogh smites you!
* * * LOW HITPOINT WARNING * * *
The orc knight misses you. You block the orc high priest's attack.
An orc comes into view. It is wielding a +0 short sword.
The hellwing hits you but does no damage.
You block the hellwing's attack.
You hear a shout! x3
Your Axes skill increases to level 14!
Blink to where?
Press: ? - help, Dir - move target, f - you
Okay, then.
Unknown command.
Blink to where?
Press: ? - help, Dir - move target
As you read the scroll of blinking, it crumbles to dust.
Unknown command.
Okay, then.
Press: ? - help, v - describe, . - travel
Here: a hellwing (severely wounded, summoned)
The floor.
As you read the scroll of butterflies, it crumbles to dust.
You hear the flapping of tiny wings.
You swap places.
The hellwing closely misses your butterfly. x2
The orc knight misses your butterfly.
The hellwing closely misses your butterfly.
The hellwing hits your butterfly!
Your butterfly dies!
Your butterfly disappears in a burst of colours!
The orc knight closely misses your butterfly.
The orc knight hits your butterfly with a +0 great mace!!!
Your butterfly dies!
Your butterfly disappears in a burst of colours!
The hellwing swoops through the air toward you!
The hellwing hits you!
You die...

########### ######
##.#...#...#.#..#.#####
#...................#.###
##...†..........4b......##
#.....<..#######@bbb.....#
##.......#∩.∩.∩#bbb##.#.##
##.............bb.##.####
#...........⌠..b....bb##
#......^........bb##.#.## ##
##.......#∩.∩.∩#..#.#b..### .##
#.......#######.....#o##.### ...
#.........................∩##.#.
##...............#.##.##........


You could see a hellwing (summoned, ally target).

Vanquished Creatures
  Josephine (Orc:1)
  3 two-headed ogres
  2 boulder beetles (D:11)
  A sun demon (D:8)
  A sixfirhy (D:9)
  2 orc sorcerers (Orc:2)
  An ugly thing (D:11)
  2 cyclopes
  2 orange demons (D:9)
  2 rust devils
  Joseph (D:10)
  A gargoyle (D:10)
  Jeremiah (D:7)
  An unseen horror (D:11)
  7 trolls
  A hellwing (D:9)
  Prince Ribbit (D:7)
  5 wraiths (Orc:1)
  A wyvern (D:10)
  A neqoxec (D:9)
  13 yaks
  A warg (Orc:2)
  4 chaos spawn (D:9)
  Menkaure (D:6)
  Edmund (D:4)
  2 water moccasins
  17 orc warriors
  2 ice beasts (D:7)
  A sky beast (D:8)
  2 ogres
  4 centaurs
  2 crocodiles (Sewer)
  A phantom (D:4)
  3 kobold brigands
  3 bullfrogs
  3 gnoll sergeants
  3 scorpions
  10 wights
  7 killer bees (D:9)
  2 howler monkeys (D:10)
  A bombardier beetle (D:6)
  A quasit (D:9)
  A jelly (D:7)
  Crazy Yiuf (D:3)
  13 orc priests
  3 hounds
  A gnoll bouda (D:4)
  A sleepcap (D:5)
  Jessica (D:2)
  4 iguanas
  Terence (D:2)
  17 orc wizards
  A sickly merfolk siren (Sewer)
  A malarious merfolk avatar (Sewer)
  23 gnolls
  A river rat (Sewer)
  12 adders
  A shadow imp (D:7)
  A white imp (D:6)
  2 ufetubi (D:6)
  2 ribbon worms
  2 dart slugs
  66 orcs
  8 endoplasms
  4 giant cockroaches
  7 goblins
  7 hobgoblins
  4 jackals (D:1)
  4 quokkas
  10 ball pythons
  8 bats
  9 frilled lizards (Sewer)
  21 kobolds
  27 rats
385 creatures vanquished.

Notes
Turn   | Place    | Note
-------+----------+-------------------------------------------
     0 | D:1      | shadowrider38 the Minotaur Fighter began the quest for the
                  | Orb.
     0 | D:1      | Reached XP level 1. HP: 19/19 MP: 0/0
    94 | D:1      | Found a faded altar of an unknown god.
   107 | D:1      | Reached XP level 2. HP: 20/27 MP: 1/1
   160 | D:1      | Reached skill level 3 in Axes
   251 | D:1      | Reached XP level 3. HP: 33/33 MP: 2/2
   518 | D:2      | Noticed Terence
   526 | D:2      | Killed Terence
   527 | D:2      | Reached XP level 4. HP: 40/40 MP: 3/3
   642 | D:2      | Noticed Jessica
   653 | D:2      | Killed Jessica
   654 | D:2      | Reached skill level 4 in Axes
   862 | D:3      | Found a glowing drain.
   959 | Sewer    | Entered a sewer
  1053 | Sewer    | Reached XP level 5. HP: 47/47 MP: 4/4
  1103 | Sewer    | Noticed a crocodile
  1115 | Sewer    | Killed a crocodile
  1120 | Sewer    | Reached skill level 5 in Axes
  1254 | Sewer    | Noticed a crocodile
  1269 | Sewer    | Killed a crocodile
  1270 | Sewer    | Reached XP level 6. HP: 15/56 MP: 5/5
  1726 | D:3      | Found a faded altar of an unknown god.
  1740 | D:3      | Found a shimmering altar of Xom.
  2198 | D:3      | Found a runed translucent door.
  2199 | D:3      | Noticed Crazy Yiuf
  2205 | D:3      | Killed Crazy Yiuf
  2381 | D:4      | Reached skill level 6 in Axes
  2385 | D:4      | Reached XP level 7. HP: 60/61 MP: 6/6
  2514 | D:4      | Found a white marble altar of Elyvilon.
  2547 | D:4      | Noticed Edmund
  2557 | D:4      | Killed Edmund
  2621 | D:4      | Reached skill level 7 in Axes
  2739 | D:4      | Found an iron altar of Okawaru.
  2753 | D:4      | Reached XP level 8. HP: 70/70 MP: 7/7
  3161 | D:5      | Entered Level 5 of the Dungeon
  3318 | D:5      | Found a staircase to the Ecumenical Temple.
  3334 | D:5      | Reached skill level 8 in Axes
  3340 | Temple   | Entered the Ecumenical Temple
  3351 | Temple   | Became a worshipper of Cheibriados the Contemplative
  4099 | D:6      | Reached * piety under Cheibriados
  4224 | D:6      | Noticed Menkaure
  4230 | D:6      | Killed Menkaure
  4529 | D:6      | Reached XP level 9. HP: 79/79 MP: 9/9
  4676 | D:6      | Reached skill level 9 in Axes
  4859 | D:6      | Found a bloodstained altar of Trog.
  5250 | D:7      | Noticed Jeremiah
  5253 | D:7      | Reached ** piety under Cheibriados
  5257 | D:7      | Gained mutation: You have hidden genetic potential. [potion
                  | of mutation]
  5257 | D:7      | Gained mutation: You occasionally lose the ability to drink
                  | potions when taking damage. [potion of mutation]
  5257 | D:7      | Gained mutation: You have sharp toenails. [potion of
                  | mutation]
  5277 | D:7      | Killed Jeremiah
  5278 | D:7      | Reached skill level 3 in Dodging
  5430 | D:7      | Reached skill level 3 in Invocations
  5543 | D:7      | Noticed Prince Ribbit
  5552 | D:7      | Killed Prince Ribbit
  5553 | D:7      | Reached skill level 10 in Axes
  5973 | D:8      | Found a basalt altar of Yredelemnul.
  6165 | D:8      | Found a faded altar of an unknown god.
  6165 | D:8      | Found a glowing silver altar of Zin.
  6173 | D:8      | Found a shadowy altar of Dithmenos.
  6175 | D:8      | Found a sparkling altar of Nemelex Xobeh.
  6177 | D:8      | Found a faded altar of an unknown god.
  6332 | D:8      | Reached XP level 10. HP: 68/88 MP: 11/11
  6332 | D:8      | Reached *** piety under Cheibriados
  6337 | D:8      | Gained mutation: You are partially covered in iridescent
                  | scales. (AC +2) [hidden potential]
  6729 | D:8      | Found a hazy altar of Hepliaklqana.
  7014 | D:9      | Noticed a cyclops
  7025 | D:9      | Killed a cyclops
  7026 | D:9      | Reached skill level 11 in Axes
  7133 | D:9      | Found a staircase to the Orcish Mines.
  7138 | D:9      | Reached **** piety under Cheibriados
  7182 | D:9      | Noticed a rust devil
  7189 | D:9      | Noticed a sun demon
  7535 | D:8      | Killed a rust devil
  7540 | D:8      | Killed a sun demon
  7541 | D:8      | Reached skill level 9 in Fighting
  7541 | D:8      | Reached skill level 9 in Armour
  7897 | D:9      | Noticed an orange demon
  8408 | D:9      | Gained mutation: You do not regenerate when monsters are
                  | visible. [a neqoxec]
  8416 | D:9      | Killed an orange demon
  8417 | D:9      | Reached skill level 9 in Shields
  8423 | D:9      | Noticed a sixfirhy
  8423 | D:9      | Noticed an orange demon
  8423 | D:9      | Noticed a rust devil
  8428 | D:9      | Reached XP level 11. HP: 77/97 MP: 13/13
  8428 | D:9      | Killed a sixfirhy
  8432 | D:9      | Gained mutation: Your mind is acute. (Int +4, Str/Dex -1)
                  | [hidden potential]
  8432 | D:9      | Lost mutation: You have hidden genetic potential. [hidden
                  | potential expressed]
  8446 | D:9      | Reached skill level 12 in Axes
  9148 | D:10     | Entered Level 10 of the Dungeon
  9282 | D:10     | Noticed a two-headed ogre
  9289 | D:10     | Killed a two-headed ogre
  9435 | D:10     | Found a staircase to the Lair.
  9478 | D:10     | Noticed Joseph
  9489 | D:10     | Killed Joseph
  9861 | D:10     | Found a blossoming altar of Fedhas.
  9919 | D:11     | Noticed a two-headed ogre
  9924 | D:11     | Killed a two-headed ogre
  9988 | D:11     | Noticed a cyan ugly thing
 10002 | D:11     | Killed a cyan ugly thing
 10003 | D:11     | Noticed a boulder beetle
 10014 | D:11     | Killed a boulder beetle
 10061 | D:11     | Reached skill level 13 in Axes
 10253 | D:11     | Noticed a boulder beetle
 10401 | D:11     | Killed a boulder beetle
 10428 | D:11     | Noticed a two-headed ogre
 10441 | D:11     | Killed a two-headed ogre
 10442 | D:11     | Reached XP level 12. HP: 82/106 MP: 15/15
 10537 | D:11     | Identified the +2 pair of boots of the Saviour {rPois rN+}
 11027 | Orc:1    | Entered Level 1 of the Orcish Mines
 11302 | Orc:1    | Noticed Josephine
 11310 | Orc:1    | Killed Josephine
 11311 | Orc:1    | Reached ***** piety under Cheibriados
 11445 | Orc:1    | Found Opleluq's Distillery.
 11541 | Orc:1    | Bought a potion of invisibility for 144 gold pieces
 11955 | Orc:2    | Entered Level 2 of the Orcish Mines
 11973 | Orc:2    | Found a staircase to the Elven Halls.
 12060 | Orc:2    | Found Ifiy's CLEARANCE SALE!.
 12077 | Orc:2    | Found Zuemn's Magic Scroll Emporium.
 12083 | Orc:2    | Bought a scroll of enchant weapon for 90 gold pieces
 12083 | Orc:2    | Bought a scroll of teleportation for 36 gold pieces
 12083 | Orc:2    | Bought a scroll of teleportation for 36 gold pieces
 12083 | Orc:2    | Bought a scroll of fear for 48 gold pieces
 12083 | Orc:2    | Bought a scroll of teleportation for 36 gold pieces
 12096 | Orc:2    | Noticed an orc high priest
 12101 | Orc:2    | Noticed an orc high priest
 12103 | Orc:2    | Noticed an orc warlord
 12107 | Orc:2    | Reached skill level 14 in Axes
 12113 | Orc:2    | Slain by a hellwing

Illustrated notes

Levels and vault maps discovered:
D:1:      spicycebolla_arrival_transporter_tutorial, layout_rooms,
          hellmonk_ecumenical_altar_arch_garden
D:2:      layout_rooms, uniq_jessica, uniq_terence
D:3:      layout_loops_cross, nicolae_overflow_ecumenical_swirl,
          cheibrodos_sewer_entry_sluice, chequers_serial_rivers_room_b,
          uniq_crazy_yiuf_cottage
D:4:      layout_rooms, old_standard_altar, elyvilon_altar_3,
          kennysheep_opposing_triangles, uniq_edmund
D:5:      layout_rooms, minmay_temple_entry_drinking_statues
D:6:      layout_loops_cross, lightli_temple_of_fire, uniq_menkaure
D:7:      layout_loops_ring, uniq_prince_ribbit1, uniq_jeremiah
D:8:      layout_basic, mainiacjoe_overflow_boulevard,
          nzn_hepliaklqana_mist_gate, chequers_temple_overflow_minitemple
D:9:      layout_cave_pools, david_orc_2, enter_bailey_5, serial_demonic,
          serial_demonic_b, serial_demonic_d, serial_demonic_f, serial_demonic_e
D:10:     layout_cave_pools, lemuel_coloured_pillars_altar, lair_entry_dummy,
          serial_park_tiny_pond, grunt_ministairs_9, uniq_joseph
D:11:     layout_loops_ring, minmay_misc_feat_secret_circle,
          small_statue_intersection
Temple:   hellmonk_temple_flake
Orc:1:    layout_diamond_mine, serial_shops, shop, basic_altar, uniq_josephine
Orc:2:    st_orc_congregation, layout_caves, serial_shops, shop,
          nicolae_shop_clearance

Skill      XL: |  1  2  3  4  5  6  7  8  9 10 11 12 |
---------------+-------------------------------------+-----
Axes           | 3 4 5 6 7 8 10 11 13 14 | 14.0
Fighting       | 4 5 6 7 8 9 10 | 10.8
Armour         | 4 5 6 7 8 9 10 | 10.8
Shields        | 4 5 6 7 8 9 10 | 10.6
Dodging        | 2 3 5 6 7 |  7.4
Invocations    | 1 3 5 6 |  6.9

Action                     |  1- 3 |  4- 6 |  7- 9 | 10-12 || total
---------------------------+-------+-------+-------+-------++-------
  Melee: War axe           |    58 |   148 |   287 |   320 ||   813
         Headbutt          |     2 |    22 |    53 |    89 ||   166
         Kick              |       |       |    14 |   137 ||   151
  Throw: Dart              |       |       |       |     2 ||     2
         Throwing net      |       |       |       |     1 ||     1
 Invoke: Slouch            |       |       |       |     4 ||     4
    Use: Scroll            |       |     3 |     5 |     7 ||    15
         Potion            |       |       |     2 |     4 ||     6
   Stab: Held in net/web   |       |       |       |     1 ||     1
 Armour: Scale mail        |    64 |    78 |       |       ||   142
         Chain mail        |       |    29 |   300 |   315 ||   644
  Dodge: Dodged            |    29 |    65 |   134 |   266 ||   494
  Block: Buckler           |    21 |    38 |    94 |   205 ||   358
